AoeStats
← OcultoElTopo

MegaRandom

510905716Analyzed
2v2 RM · 16h ago on Oct 3, 2026· 39m 24s· 4 players
Game mode
Random Map
Map size
Medium (4 player)
Population
200
Speed
Normal
Resources
Standard
Victory
Conquest
Starting age
Dark Age
Ending age
Imperial Age
RankedLock teamsTeams togetherTeam positionsShared explorationLock speedFull tech treeHidden civsTurbo modeCheats
Victory
Defeat
🇺🇸 Persians · United States
1254
+14
🇦🇷 Armenians · Argentina
1246
+14
🇦🇷 Varangians · Argentina
1222
-15
🇦🇷 Vietnamese · Argentina
1188
-13
OcultoElTopo
9:56 Loom
12:45 Feudal Age
13:17 Double-Bit Axe
16:58 Horse Collar
25:53 Castle Age
26:47 Medium Warships
26:58 Forging
27:54 Medium Warships
29:44 Bow Saw
30:17 Wheelbarrow
30:54 Medium Warships
30:57 Scale Mail Armor
31:33 Iron Casting
32:30 Fletching
32:48 Gold Mining
33:53 Chain Mail Armor
35:47 Bodkin Arrow
37:12 Hand Cart
37:39 Clinker Construction
38:08 Careening
MansionP.
4:00 Loom
10:44 Feudal Age
12:47 Double-Bit Axe
19:10 Castle Age
17:35 Horse Collar
18:12 Gold Mining
19:18 Wheelbarrow
20:46 Husbandry
20:57 Scale Barding Armor
25:41 Stone Mining
28:29 Bow Saw
28:26 Heavy Plow
34:45 Imperial Age
38:39 Conscription
kendizzle555
6:41 Loom
9:05 Feudal Age
13:00 Double-Bit Axe
12:56 Horse Collar
13:06 Fishing Lines
16:56 Fletching
20:34 Castle Age
20:23 Gold Mining
21:28 Bow Saw
23:44 Gillnets
24:24 Heavy Plow
25:01 Gold Shaft Mining
24:57 Bodkin Arrow
26:39 Medium Warships
26:48 Scale Barding Armor
29:26 Wheelbarrow
28:36 Town Watch
29:01 Stone Mining
30:08 Bloodlines
31:05 Forging
31:17 Chain Barding Armor
31:30 Husbandry
30:51 Light Cavalry
35:11 Imperial Age
33:38 Iron Casting
34:58 Padded Archer Armor
35:38 Hand Cart
34:54 Cavalier
34:56 Capped Ram
36:22 Plate Barding Armor
37:22 Chemistry
36:10 Siege Ram
37:59 Crop Rotation
38:05 Stone Shaft Mining
38:31 Two-Man Saw
Shadow Elaion
7:13 Loom
11:11 Feudal Age
11:58 Double-Bit Axe
14:03 Horse Collar
15:22 Gold Mining
20:20 Castle Age
19:02 Wheelbarrow
21:19 Medium Warships
22:10 Fletching
22:20 Padded Archer Armor
22:26 Scale Mail Armor
22:36 Forging
23:00 Bow Saw
22:47 Pikeman
23:28 Squires
24:20 Gold Shaft Mining
24:08 Chain Mail Armor
25:16 Halberdier
25:42 Gambesons
29:05 Arson
28:44 Man-at-Arms
30:15 Iron Casting
29:28 Long Swordsman
30:13 Two-Handed Swordsman
33:43 Demolition Ship
33:53 Champion
39:27 Imperial Age
Connection lost

Rejoining the realm…

Still unreachable

The connection could not be restored.

Session expired

The server has moved on; the page needs a fresh start.